 Dungeon Crawl Stone Soup version 0.30-a0-782-ge64f9170bb (webtiles) character file.

Game seed: 5253843147973290533

21 Jane the Ducker (level 2, -1/13 HPs)
             Began as a Felid Reaver on Feb 21, 2023.
             Frozen to death by an endoplasm (5 damage)
             ... on level 2 of the Dungeon.
             The game lasted 00:04:34 (870 turns).

Jane the Ducker (Felid Reaver)                       Turns: 870, Time: 00:04:35

Health: -1/13      AC:  1    Str:  8    XL:     2   Next: 65%
Magic:  6/6        EV: 18    Int: 14    God:
Gold:   39         SH:  0    Dex: 14    Spells: 4/5 levels left
                                        Lives:  0   Deaths: 0

rFire   . . .      SeeInvis +      - Unarmed
rCold   . . .      Faith    .    (shield unavailable)
rNeg    . . .      Spirit   .    (body armour unavailable)
rPois   .          Reflect  .    (helmet unavailable)
rElec   .          Harm     .    (cloak unavailable)
rCorr   .          Rampage  .    (gloves unavailable)
Will    .....                    (boots unavailable)
Stlth   +                        (no amulet)
HPRegen 0.22/turn                (no ring)
MPRegen 0.10/turn                (no ring)

@: lethally poisoned (-1 -> -5), quick
A: very small, claws 1, fangs 3, see invisible, speed 1, shaggy fur 1, stealthy
paws, no weapons or thrown items, no armour, multi-lived
a: no special abilities


You were on level 2 of the Dungeon.
You visited 1 branch of the dungeon, and saw 2 of its levels.

You collected 39 gold pieces.

Inventory:

Scrolls
 b - a scroll of amnesia {unknown}
 c - a scroll of enchant weapon {unknown}
 d - a scroll of identify {unknown}
Potions
 a - a potion of resistance {unknown}


   Skills:
 - Level 2.0 Fighting
 * Level 4.4 Dodging
 + Level 0.1 Stealth
 - Level 3.0 Unarmed Combat
 - Level 2.0 Spellcasting
 - Level 2.6 Conjurations


You had 4 spell levels left.
You knew the following spells:

 Your Spells              Type           Power      Damage    Failure   Level
a - Kiss of Death         Conj/Necr      20%        2d7       14%         1

Your spell library contained the following spells:

 Spells                   Type           Power      Damage    Failure   Level
 Momentum Strike          Conj/Tloc      10%        3d8       21%         2
 Hailstorm                Conj/Ice       5%         3d4       38%         3


Dungeon Overview and Level Annotations

Branches:
Dungeon (2/15)

Altars:


Innate Abilities, Weirdness & Mutations

You have sharp claws.
You have razor-sharp teeth.
You have supernaturally acute eyesight. (SInv)
You cover ground quickly. (Speed+)
You are covered in fur. (AC +1)
Your paws help you pounce on unaware monsters.
You are incapable of wielding weapons or throwing items.
You cannot wear armour.
You gain extra lives every three experience levels.


Message History

d - a scroll labelled WEKLACUAGRE
There is a stone staircase leading down here.
A dart slug comes into view.
The dart slug launches a dart at you. The slug dart misses you.
The dart slug launches a dart at you. The slug dart hits you.
The dart slug launches a dart at you. The slug dart misses you.
You scratch the dart slug.
The dart slug is lightly wounded.
You scratch the dart slug but do no damage.
The dart slug is lightly wounded.
The dart slug bites you.
You claw the dart slug!
The dart slug is almost dead.
You scratch the dart slug.
You kill the dart slug!
You see here a dart slug corpse.
Found 8 gold pieces.
An adder and an endoplasm come into view.
The adder hisses angrily.
The endoplasm quivers.
You see here 8 gold pieces.
The endoplasm freezes you.
You are frozen.
The adder misses you.
You barely miss the adder. The adder bites you.
The endoplasm hits you but does no damage.
You scratch the adder but do no damage. The adder bites you.
You are lethally poisoned!
The adder poisons you! The endoplasm closely misses you.
You scratch the adder. You claw the adder.
The adder is almost dead.
You feel sick. The adder misses you. The endoplasm closely misses you.
You scratch the adder.
You kill the adder!
You feel sick. The endoplasm freezes you.
You are frozen.
You die...

## #.# ...
#.#
##.####.#
.........
#.......#
........#
####....#
......J@#
####.##.#
#.# #$# ####
#.# ... #.#
.##### #.#
...#.######
#.#
.#..........
#.#


You could see an endoplasm.

Vanquished Creatures
  An adder (D:2)
  A dart slug (D:2)
  A ball python (D:1)
  3 bats
  An endoplasm (D:1)
  2 goblins (D:1)
  3 hobgoblins (D:1)
  A quokka (D:1)
  2 kobolds (D:1)
  4 rats (D:1)
19 creatures vanquished.

Notes
Turn   | Place    | Note
-------+----------+-------------------------------------------
     0 | D:1      | Jane the Felid Reaver began the quest for the Orb.
     0 | D:1      | Reached XP level 1. HP: 9/9 MP: 4/4
   117 | D:1      | Reached skill level 3 in Dodging
   260 | D:1      | Reached XP level 2. HP: 10/13 MP: 6/6
   330 | D:1      | Reached skill level 4 in Dodging
   870 | D:2      | Frozen to death by an endoplasm

Illustrated notes

Levels and vault maps discovered:
D:1:      zaba_arrival_water, layout_basic, minivault_14, serial_park_tiny_pond
D:2:      layout_basic

Skill      XL: |  1  2 |
---------------+-------+-----
Dodging        | 3 4 |  4.4
Fighting       | |  2.0
Stealth        | |  0.1
Unarmed Combat | |  3.0
Spellcasting   | |  2.0
Conjurations   | |  2.6

Action                     || total
---------------------------++-------
  Melee: Unarmed           ||    62
         Bite              ||     6
         Punch             ||     4
   Stab: Sleeping          ||     1
 Armour: Skin              ||     8
  Dodge: Dodged            ||    93

Table legend: (Time is in decaauts)
 A = Elapsed time spent in this place.
 B = Non-inter-level travel time spent in this place.
 C = Inter-level travel time spent in this place.
 D = Time resting spent in this place.
 E = Time spent auto-exploring this place.
 F = Levels seen in this place.
 G = Mean time per level.
                   A        B        C        D        E       F      G
               +--------+--------+--------+--------+--------+-----+--------+
         Total |    717 |    714 |      3 |      0 |    139 |   2 |  358.5 |
       Dungeon |    717 |    714 |      3 |      0 |    139 |   2 |  358.5 |
               +--------+--------+--------+--------+--------+-----+--------+

Top non-repeatable levels by time:
     D:1: 632 daAuts
     D:2: 84 daAuts
